 Dungeon Crawl Stone Soup version 0.20.1-1-g8b1a95d (webtiles) character file.

3273 robertstho the Gouger (level 9, -1/63 HPs)
             Began as a Felid Berserker on Nov 15, 2017.
             Was a High Priest of Trog.
             Slain by a troll (4 damage)
             ... on level 10 of the Dungeon.
             The game lasted 00:23:51 (9100 turns).

robertstho the Gouger (Felid Berserker)             Turns: 9100, Time: 00:23:54

Health: -1/63      AC:  2    Str: 18    XL:     9   Next: 68%
Magic:  10/10      EV: 27    Int:  8    God:    Trog [*****.]
Gold:   264        SH:  0    Dex: 19    Spells: 8/8 levels left
                                        Lives:  0   Deaths: 2

rFire    . . .     SeeInvis +     - Unarmed
rCold    . . .     Gourm    .   (shield unavailable)
rNeg     + . .     Faith    .   (armour unavailable)
rPois    +         Spirit   .   (helmet unavailable)
rElec    .         Reflect  .   (cloak unavailable)
rCorr    .         Harm     .   (gloves unavailable)
MR       +....                  (boots unavailable)
Stlth    ..........             (no amulet)
Regen    0.2/turn               t - ring of positive energy
MPRegen  0.2/turn               p - ring of poison resistance

@: berserking, very quick
A: no armour, no weapons or thrown items, stealth, claws 1, fangs 3, see
invisible, carnivore 3, speed 1, shaggy fur 2, slow metabolism 1, sharp paws
a: Berserk, Trog's Hand, Brothers in Arms, Burn Spellbooks, Renounce Religion


You were on level 10 of the Dungeon.
You worshipped Trog.
Trog was extremely pleased with you.
You were not hungry.

You visited 1 branch of the dungeon, and saw 10 of its levels.

You collected 572 gold pieces.
You spent 308 gold pieces at shops.

Inventory:

Jewellery
 p - a ring of poison resistance (right paw)
 q - a +2 ring of dexterity {unknown}
 t - a ring of positive energy (left paw)
 u - an uncursed ring of flight
Wands
 b - a wand of iceblast (5/15)
 g - a wand of iceblast (3/15)
 v - a wand of disintegration (15/24)
 w - a wand of flame (34/48)
Scrolls
 c - 2 scrolls of amnesia {unknown}
 d - 5 scrolls of teleportation {unknown}
 e - 3 scrolls of immolation {unknown}
 f - a scroll of enchant weapon {unknown}
 h - a scroll of remove curse {unknown}
 j - a scroll of fear {unknown}
 k - 2 scrolls of blinking
 m - a scroll of fog {unknown}
 n - a scroll of identify
 s - a scroll of vulnerability {unknown}
 y - a scroll of silence
Potions
 i - 5 potions of curing
 l - 3 potions of might
 r - a potion of ambrosia {unknown}
 z - a potion of magic
 A - a potion of resistance
 B - a potion of degeneration
 C - a potion of brilliance {unknown}
Books
 x - a book of Minor Magic

   Spells                             Type                      Level
   a - Magic Dart                     Conjuration                  1
   b - Blink                          Translocation                2
   c - Call Imp                       Summoning                    2
   d - Slow                           Hexes                        2
   e - Conjure Flame                  Conjuration/Fire             3
   f - Mephitic Cloud                 Conjuration/Poison/Air       3
   Trog disapproves of the use of such an item.
Comestibles
 a - 5 meat rations
 o - 8 royal jellies


   Skills:
 * Level 6.3 Fighting
 * Level 10.3 Dodging
 + Level 6.7 Stealth
 * Level 11.7 Unarmed Combat


You had 8 spell levels left.
You didn't know any spells.

Dungeon Overview and Level Annotations

Branches:
Dungeon (10/15)            Temple (0/1) D:7            Lair (0/6) D:10
    Orc (0/2) D:9

Altars:
Ashenzari
Makhleb
Ru
Sif Muna
Trog
Vehumet
Yredelemnul

Shops:
D:8 !   D:9 [

Annotations:
D:8 exclusion: statue


Innate Abilities, Weirdness & Mutations

You cannot wear armour.
You are incapable of wielding weapons or throwing items.
Your paws allow you to move quietly. (Stealth)
You have sharp claws.
You have razor-sharp teeth.
You have supernaturally acute eyesight. (SInv)
You are carnivorous and can eat meat at any time.
You cover ground quickly.
You are covered in thick fur. (AC +2)
You have a slow metabolism.
Your sharp claws are effective at attacking unaware monsters.


Message History

The troll is heavily wounded.
The troll closely misses you. The troll completely misses you.
The troll claws you!
You are too injured to fight recklessly!
You fail to use your ability.
The bullfrog skeleton completely misses you.
The troll misses you. The troll claws you but does no damage.
The troll misses you.
A red film seems to cover your vision as you go berserk!
You feel yourself moving faster!
You feel mighty!
You feel quite a bit more hungry. The bullfrog skeleton misses you.
The troll completely misses you. x2; The troll claws you!
The bullfrog skeleton completely misses you.
You closely miss the troll.
The troll is heavily wounded.
The two-headed ogre closely misses you.
The two-headed ogre hits you with a giant spiked club!
* * * LOW HITPOINT WARNING * * *
The troll completely misses you. The troll claws you.
You die...

##.##.#......
#...................
##.#...............##
##..........<....#.##
##.................##.
#....................
###^...................
##.##...........OT.....#
#......#........@.......
##.##.#.........Z......#
#######...........#...#
##.#...............
#..........#.......
##.#.........##....
#...#.#............
##...............##
##.#.##..####.#


You could see a two-headed ogre, a troll and a bullfrog skeleton.

Vanquished Creatures
  The ghost of Dazliare the Carver, a novice BaCK of Xom (D:9)
  A kobold demonologist (D:9)
  2 yaks (D:8)
  A human (D:8)
  2 hogs (D:8)
  2 water moccasins
  3 ice beasts
  A black bear (D:6)
  3 orc warriors
  2 sky beasts
  A phantom (D:8)
  A boggart (D:9)
  A centaur (D:6)
  3 ogres
  A big kobold (D:7)
  2 bullfrogs
  A wyvern zombie (D:7)
  A wyvern skeleton (D:7)
  3 scorpions
  3 killer bees (D:9)
  2 howler monkeys
  A bullfrog zombie (D:5)
  3 crimson imps
  2 quasits
  A centaur zombie (D:5)
  3 jellies
  6 orc wizards
  2 centaur skeletons
  2 bullfrog skeletons
  7 orc priests
  5 hounds
  An iguana (D:8)
  7 worker ants
  A hound skeleton (D:6)
  13 adders
  2 shadow imps (D:7)
  An ooze (D:3)
  An adder zombie (D:8)
  2 adder skeletons
  A worm (D:3)
  3 dart slugs
  3 leopard geckos
  38 orcs
  4 ball pythons (D:3)
  8 bats
  2 giant cockroaches
  8 goblins
  8 hobgoblins
  7 jackals
  3 quokkas
  3 frilled lizards
  A jackal skeleton (D:9)
  7 kobolds
  4 rats
197 creatures vanquished.

Vanquished Creatures (collateral kills)
  A yak (D:9)
1 creature vanquished.

Grand Total: 198 creatures vanquished

Notes
Turn   | Place    | Note
-------+----------+-------------------------------------------
     0 | D:1      | robertstho the Felid Berserker began the quest for the Orb.
     0 | D:1      | Reached XP level 1. HP: 10/10 MP: 2/2
    68 | D:1      | Reached XP level 2. HP: 9/14 MP: 3/3
   978 | D:2      | Reached XP level 3. HP: 17/17 MP: 4/4
  1870 | D:3      | Reached ** piety under Trog
  1927 | D:3      | Reached skill level 4 in Unarmed Combat
  1927 | D:3      | Reached XP level 4. HP: 17/21 MP: 5/5
  1945 | D:3      | Reached skill level 5 in Dodging
  2209 | D:3      | Found a shattered altar of Ashenzari.
  2398 | D:3      | Found a sacrificial altar of Ru.
  2402 | D:3      | Found a bloodstained altar of Trog.
  2525 | D:3      | Reached XP level 5. HP: 19/24 MP: 6/6
  3157 | D:4      | Reached skill level 1 in Stealth
  3157 | D:4      | Reached skill level 5 in Unarmed Combat
  3290 | D:4      | Gained mutation: You are covered in thick fur. (AC +2) [Felid growth]
  3290 | D:4      | Reached XP level 6. HP: 17/28 MP: 7/7
  3506 | D:4      | Found a burning altar of Makhleb.
  3640 | D:5      | Entered Level 5 of the Dungeon
  3944 | D:5      | Noticed a sky beast
  3952 | D:5      | Killed a sky beast
  3952 | D:5      | Reached skill level 6 in Unarmed Combat
  4164 | D:5      | Noticed a sky beast
  4182 | D:5      | Slain by a sky beast
  4183 | D:5      | Reached XP level 5. HP: 0/25 MP: 6/6
  4262 | D:5      | Reached XP level 6. HP: 28/28 MP: 7/7
  4407 | D:5      | Reached *** piety under Trog
  4542 | D:6      | Reached XP level 7. HP: 23/32 MP: 8/8
  4545 | D:6      | Reached skill level 7 in Unarmed Combat
  5215 | D:6      | Reached skill level 8 in Unarmed Combat
  5215 | D:6      | Reached XP level 8. HP: 24/36 MP: 9/9
  5459 | D:7      | Reached skill level 5 in Fighting
  5620 | D:7      | Reached **** piety under Trog
  5682 | D:7      | Found a staircase to the Ecumenical Temple.
  5780 | D:8      | Reached skill level 9 in Unarmed Combat
  5889 | D:8      | Reached skill level 5 in Stealth
  6106 | D:8      | Reached XP level 9. HP: 40/40 MP: 10/10
  6211 | D:8      | Found a radiant altar of Vehumet.
  6753 | D:8      | Found Dejyxo's Distillery.
  6815 | D:8      | Bought a potion of might for 44 gold pieces
  6815 | D:8      | Bought a potion of might for 44 gold pieces
  6815 | D:8      | Bought 2 potions of curing for 66 gold pieces
  6815 | D:8      | Bought a potion of curing for 33 gold pieces
  6815 | D:8      | Bought a potion of resistance for 110 gold pieces
  6815 | D:8      | Bought a potion of degeneration for 11 gold pieces
  6859 | D:8      | Reached skill level 10 in Unarmed Combat
  7688 | D:8      | Reached ***** piety under Trog
  7805 | D:9      | Found a deep blue altar of Sif Muna.
  8047 | D:9      | Found a staircase to the Orcish Mines.
  8220 | D:9      | Mangled by a vampire
  8221 | D:9      | Reached XP level 8. HP: -7/38 MP: 9/9
  8247 | D:9      | Reached skill level 11 in Unarmed Combat
  8254 | D:9      | Noticed a kobold demonologist
  8267 | D:9      | Killed a kobold demonologist
  8267 | D:9      | Reached XP level 9. HP: 34/41 MP: 10/10
  8291 | D:9      | Found Waneufow's Armour Shop.
  8435 | D:9      | Noticed Dazliare's ghost (novice BaCK)
  8449 | D:9      | Killed Dazliare's ghost
  8449 | D:9      | Reached skill level 10 in Dodging
  8464 | D:9      | HP: 1/41 [yak (16)]
  8975 | D:10     | Entered Level 10 of the Dungeon
  8975 | D:10     | Found a staircase to the Lair.
  9051 | D:10     | Found a basalt altar of Yredelemnul.
  9083 | D:10     | Noticed a troll
  9092 | D:10     | Noticed a two-headed ogre
  9100 | D:10     | HP: 3/63 [two-headed ogre/giant club (17)]
  9100 | D:10     | Slain by a troll

Skill      XL: |  1  2  3  4  5  6  7  8  9 |
---------------+----------------------------+-----
Unarmed Combat | 4 5 6 8 11 10 | 11.7
Dodging        | 5 6 7 8 10 | 10.3
Stealth        | 1 3 4 5 6 |  6.7
Fighting       | 4 5 6 |  6.3

Action                   |  1- 3 |  4- 6 |  7- 9 || total
-------------------------+-------+-------+-------++-------
Melee: Unarmed           |   120 |   199 |   375 ||   694
       Bite              |    10 |    29 |    46 ||    85
       Punch             |       |     4 |    15 ||    19
Invok: Berserk           |     2 |     2 |    11 ||    15
       Trog's Hand       |       |     1 |     1 ||     2
       Burn Spellbooks   |       |     1 |       ||     1
       Brothers in Arms  |       |       |     2 ||     2
  Use: Scroll            |       |     6 |     6 ||    12
       Potion            |       |       |     5 ||     5
 Stab: Sleeping          |     3 |    10 |    12 ||    25
       Distracted        |       |     1 |     4 ||     5
  Eat: Chunk             |    11 |    13 |    18 ||    42
Armor: Skin              |     8 |     6 |    19 ||    33
Dodge: Dodged            |   103 |   139 |   407 ||   649
